 Dungeon Crawl Stone Soup version 0.30-b1-2-g02819fbbbe (webtiles) character file.

Game seed: 13869070801194264374

781 Fartwhistle the Skirmisher (level 7, -7/84 HPs)
             Began as a Gnoll Hunter on Oct 22, 2023.
             Was an Initiate of Gozag.
             Mangled by a shadow (28 damage)
             ... on level 5 of the Dungeon.
             The game lasted 00:08:11 (4414 turns).

Fartwhistle the Skirmisher (Gnoll Hunter)           Turns: 4414, Time: 00:08:12

Health: -7/84      AC: 23    Str: 10    XL:     7   Next: 85%
Magic:  11/11      EV:  2    Int: 10    God:    Gozag
Gold:   246        SH:  0    Dex: 16    Spells: 11/11 levels left

rFire   . . .        t - +1 dagger (speed)
rCold   . . .        (no shield)
rNeg    . . .        c - melded +0 leather armour
rPois   +            (helmet currently unavailable)
rElec   .            (cloak currently unavailable)
rCorr   .            (gloves currently unavailable)
SInv    .            (boots currently unavailable)
Will    .....        (no amulet)
Stlth   +++          (no ring)
HPRegen 0.34/turn    (no ring)
MPRegen 0.12/turn

%: no passive effects
@: tree-form
A: stationary, stasis, torment immunity, boosted hp, (fangs 1), strong nose,
distributed training
a: Renounce Religion, Potion Petition, Call Merchant, Bribe Branch


You were on level 5 of the Dungeon.
You worshipped Gozag.
Gozag was aware of your devotion.
You were a tree.
You visited 2 branches of the dungeon, and saw 6 of its levels.

You collected 299 gold pieces.
You paid 53 gold pieces to Gozag.

Inventory:

Hand Weapons
 a - a +0 shortbow
 t - a +1 dagger of speed (weapon)
Missiles
 s - 5 poisoned darts
Armour
 c - a +0 leather armour (melded)
Scrolls
 b - 3 scrolls of immolation
 d - a scroll of acquirement {unknown}
 e - 2 scrolls of teleportation
 f - a scroll of noise {unknown}
 g - 2 scrolls of identify {unknown}
 h - a scroll of summoning {unknown}
 j - a scroll of enchant armour {unknown}
 k - 2 scrolls of enchant weapon {unknown}
 m - 2 scrolls of torment {unknown}
 n - a scroll of brand weapon {unknown}
 q - a scroll of blinking {unknown}
Potions
 l - a potion of might {unknown}
 o - 2 potions of degeneration {unknown}
 p - 2 potions of curing {unknown}
 u - a potion of heal wounds {unknown}
 v - a potion of haste {unknown}
 w - a potion of berserk rage {unknown}


   Skills:
 + Level 5.4 Fighting
 + Level 2.8 Short Blades
 + Level 2.8 Long Blades
 + Level 2.8 Axes
 + Level 2.8 Maces & Flails
 + Level 2.8 Polearms
 + Level 2.8 Staves
 + Level 9.0 Ranged Weapons
 + Level 2.8 Throwing
 + Level 2.8 Armour
 + Level 5.4 Dodging
 + Level 3.7 Stealth
 + Level 2.8 Shields
 + Level 2.8 Unarmed Combat
 + Level 2.8 Spellcasting
 + Level 2.3 Conjurations
 + Level 2.3 Hexes
 + Level 2.3 Summonings
 + Level 2.3 Necromancy
 + Level 2.3 Translocations
 + Level 2.3 Transmutations
 + Level 2.3 Fire Magic
 + Level 2.3 Ice Magic
 + Level 2.3 Air Magic
 + Level 2.3 Earth Magic
 + Level 2.3 Poison Magic
 + Level 3.1 Invocations
 + Level 2.8 Evocations


You had 11 spell levels left.
You didn't know any spells.
Your spell library contained the following spells:

 Spells                   Type           Power      Damage    Failure   Level
 Sandblast                Erth           12%        2d6       11%         1
 Passwall                 Tmut/Erth      5%         N/A       17%         2
 Stone Arrow              Conj/Erth      12%        3d7       32%         3


Dungeon Overview and Level Annotations

Branches:
Dungeon (5/15)             Temple (1/1) D:4

Altars:
Ashenzari
Cheibriados
Dithmenos
Elyvilon
Gozag
Hepliaklqana
Kikubaaqudgha
Makhleb
Ru
Sif Muna
Trog
Uskayaw
Wu Jian
Xom
Yredelemnul
Zin
The Shining One

Annotations:
D:4 exclusion: downstairs
D:5 Ijyb


Innate Abilities, Weirdness & Mutations

You are a tree.
Your roots penetrate the ground, keeping you stationary.
You cannot be teleported.
You are immune to unholy pain and torment.
Your maximum health is greatly increased.
Your equipment is partially melded.
((You have very sharp teeth.))
Your uncanny sense of smell can sniff out nearby items.
Your experience applies equally to all skills.


Message History

The shadow hits you.
You hit the shadow but do no damage.
The shadow is severely damaged.
You hit the shadow but do no damage.
The shadow is severely damaged.
The shadow hits you.
You are confused.
You feel invigorated. The shadow hits you.
* * * LOW HITPOINT WARNING * * *
You cannot move. (Use ctrl+direction or * direction to attack while stationary and confused.)
You cannot move. (Use ctrl+direction or * direction to attack while stationary and confused.)
You cannot move. (Use ctrl+direction or * direction to attack while stationary and confused.)
You cannot move. (Use ctrl+direction or * direction to attack while stationary and confused.)
The shadow hits you.
The shadow slips into darkness.
The shadow flickers and vanishes!
Deactivating autopickup; reactivate with Ctrl-A.
The shadow strikes at you from the darkness!
* * * LOW HITPOINT WARNING * * *
Reactivating autopickup.
The shadow barely misses you. The shadow hits you.
You cannot move. (Use ctrl+direction or * direction to attack while stationary and confused.)
You cannot move. (Use ctrl+direction or * direction to attack while stationary and confused.)
You cannot move. (Use ctrl+direction or * direction to attack while stationary and confused.)
You cannot move. (Use ctrl+direction or * direction to attack while stationary and confused.)
You cannot move. (Use ctrl+direction or * direction to attack while stationary and confused.)
You cannot move. (Use ctrl+direction or * direction to attack while stationary and confused.)
You cannot move. (Use ctrl+direction or * direction to attack while stationary and confused.)
You cannot move. (Use ctrl+direction or * direction to attack while stationary and confused.)
You cannot move. (Use ctrl+direction or * direction to attack while stationary and confused.)
You cannot move. (Use ctrl+direction or * direction to attack while stationary and confused.)
You feel less invigorated.
You feel less confused.
The shadow slips into darkness.
The shadow flickers and vanishes!
Deactivating autopickup; reactivate with Ctrl-A.
The shadow strikes at you from the darkness!
You die...
Your body crumbles into a pile of gold.

.........##......#...##.... $
.........#.......................
#.......>.#......................
#..............)))...............
####.#........)..................
####..........................
####.................#...F....
#.......#.#.........## ##.....
#.##.(..###..♣{.....# #.<.... ..
###...#..........# ##..... #.
.^...........### #?.##. #
...##..####..## #..# #.#######
##... #..# #. #.... ..## #.
...... ..# .##... ### . #...


There were no monsters in sight!

Vanquished Creatures
  An ice beast (D:4)
  A black bear (D:3)
  An ogre (D:3)
  A bullfrog (D:5)
  A scorpion (D:4)
  A sleepcap (D:4)
  Jessica (D:3)
  3 iguanas
  6 gnolls
  10 adders
  An ufetubus (D:5)
  A worm (D:3)
  3 dart slugs (D:1)
  7 orcs
  2 bats
  5 endoplasms
  5 giant cockroaches
  14 goblins
  7 hobgoblins
  3 jackals (D:2)
  6 kobolds
  2 quokkas (D:1)
  7 ball pythons
  6 frilled lizards
  3 rats (D:2)
98 creatures vanquished.

Notes
Turn   | Place    | Note
-------+----------+-------------------------------------------
     0 | D:1      | Fartwhistle the Gnoll Hunter began the quest for the Orb.
     0 | D:1      | Reached XP level 1. HP: 20/20 MP: 1/1
    21 | D:1      | Found a faded altar of an unknown god.
    66 | D:1      | Reached XP level 2. HP: 26/26 MP: 2/2
   370 | D:1      | Reached XP level 3. HP: 31/31 MP: 3/3
   538 | D:2      | Reached skill level 1 in Invocations
   542 | D:2      | Reached skill level 1 in Short Blades
   542 | D:2      | Reached skill level 1 in Long Blades
   542 | D:2      | Reached skill level 1 in Axes
   542 | D:2      | Reached skill level 1 in Maces & Flails
   542 | D:2      | Reached skill level 1 in Polearms
   542 | D:2      | Reached skill level 1 in Staves
   542 | D:2      | Reached skill level 1 in Throwing
   542 | D:2      | Reached skill level 1 in Armour
   542 | D:2      | Reached skill level 1 in Shields
   542 | D:2      | Reached skill level 1 in Unarmed Combat
   542 | D:2      | Reached skill level 1 in Spellcasting
   542 | D:2      | Reached skill level 1 in Evocations
   545 | D:2      | Reached XP level 4. HP: 38/38 MP: 5/5
   626 | D:2      | Reached skill level 1 in Conjurations
   626 | D:2      | Reached skill level 1 in Hexes
   626 | D:2      | Reached skill level 1 in Summonings
   626 | D:2      | Reached skill level 1 in Necromancy
   626 | D:2      | Reached skill level 1 in Translocations
   626 | D:2      | Reached skill level 1 in Transmutations
   626 | D:2      | Reached skill level 1 in Fire Magic
   626 | D:2      | Reached skill level 1 in Ice Magic
   626 | D:2      | Reached skill level 1 in Air Magic
   626 | D:2      | Reached skill level 1 in Earth Magic
   626 | D:2      | Reached skill level 1 in Poison Magic
  1339 | D:3      | Noticed Jessica
  1343 | D:3      | Killed Jessica
  1344 | D:3      | Reached XP level 5. HP: 43/43 MP: 7/7
  1583 | D:3      | Noticed an ogre
  1613 | D:3      | Killed an ogre
  1614 | D:3      | Reached XP level 6. HP: 33/50 MP: 8/8
  1789 | D:3      | Reached skill level 5 in Fighting
  1789 | D:3      | Reached skill level 5 in Dodging
  1961 | D:3      | Noticed a black bear
  1967 | D:3      | Killed a black bear
  2459 | D:4      | Found a staircase to the Ecumenical Temple.
  2506 | Temple   | Entered the Ecumenical Temple
  2751 | Temple   | Became a worshipper of Gozag Ym Sagoz the Greedy
  3151 | D:4      | Reached XP level 7. HP: 56/56 MP: 10/10
  3437 | D:5      | Entered Level 5 of the Dungeon
  3459 | D:5      | Noticed a shadow
  3492 | D:5      | Noticed Ijyb
  3944 | D:4      | Reached skill level 9 in Ranged Weapons
  4414 | D:5      | Mangled by a shadow

Illustrated notes

Levels and vault maps discovered:
D:1:      amcnicky_arrival_feature_with_door, layout_rooms,
          ebering_ecumenical_altar_webs
D:2:      layout_basic
D:3:      layout_basic, minmay_ogre_servants, uniq_jessica
D:4:      layout_cave_pods, minmay_temple_entry_slanted
D:5:      black_bear_nest_1, layout_cave_pools, serial_shops, shop,
          kennysheep_small_square, uniq_ijyb
Temple:   nicolae_temple_bog_church

Skill      XL: |  1  2  3  4  5  6  7 |
---------------+----------------------+-----
Invocations    | 1 2 3 |  3.1
Short Blades   | 1 2 |  2.8
Long Blades    | 1 2 |  2.8
Axes           | 1 2 |  2.8
Maces & Flails | 1 2 |  2.8
Polearms       | 1 2 |  2.8
Staves         | 1 2 |  2.8
Throwing       | 1 2 |  2.8
Armour         | 1 2 |  2.8
Shields        | 1 2 |  2.8
Unarmed Combat | 1 2 |  2.8
Spellcasting   | 1 2 |  2.8
Evocations     | 1 2 |  2.8
Conjurations   | 1 2 |  2.3
Hexes          | 1 2 |  2.3
Summonings     | 1 2 |  2.3
Necromancy     | 1 2 |  2.3
Translocations | 1 2 |  2.3
Transmutations | 1 2 |  2.3
Fire Magic     | 1 2 |  2.3
Ice Magic      | 1 2 |  2.3
Air Magic      | 1 2 |  2.3
Earth Magic    | 1 2 |  2.3
Poison Magic   | 1 2 |  2.3
Stealth        | 3 |  3.7
Fighting       | 5 |  5.4
Dodging        | 5 |  5.4
Ranged Weapons | 9 |  9.0

Action                     |  1- 3 |  4- 6 |  7- 9 || total
---------------------------+-------+-------+-------++-------
  Melee: Dagger            |       |       |    93 ||    93
         Bite              |       |       |     2 ||     2
         Punch             |       |       |     1 ||     1
   Fire: Shortbow          |    56 |   187 |    75 ||   318
    Use: Scroll            |       |     1 |       ||     1
         Potion            |       |       |     5 ||     5
 Armour: Leather armour    |       |    22 |     9 ||    31
         Skin              |       |       |    36 ||    36
  Dodge: Dodged            |     3 |    50 |    42 ||    95
